 Dungeon Crawl Stone Soup version 0.20-a0-433-g9e36e56 (webtiles) character file.

10026 Kriby the Thaumaturge (level 11, -6/68 HPs)
             Began as a Mummy Fire Elementalist on Jan 4, 2017.
             Was an Elder of Vehumet.
             Killed from afar by a gargoyle (18 damage)
             ... with a stone arrow
             ... on level 10 of the Dungeon.
             The game lasted 00:24:23 (18008 turns).

Kriby the Thaumaturge (Mummy Fire Elementalist)    Turns: 18008, Time: 00:24:24

Health: -6/68      AC:  6    Str: 13    XL:     11   Next: 30%
Magic:  4/27       EV: 12    Int: 26    God:    Vehumet [****..]
Gold:   222        SH:  5    Dex: 12    Spells: 17/34 levels left

rFire  x . .     SeeInvis .     f - +5 trident
rCold  + . .     Gourm    .     o - +2 robe of Emeajerph {Int+6}
rNeg   + + +     Faith    .     s - +0 buckler
rPois  ∞         Spirit   .     B - +1 hat {Int+3}
rElec  .         Reflect  .     g - +0 cloak
rCorr  .         Harm     .     (no gloves)
MR     +....                    (no boots)
Stlth  ++........               (no amulet)
                                (no ring)
                                (no ring)

@: about to teleport
A: no food or potions, fire vulnerability, cold resistance 1, negative energy
resistance 3, torment resistance, unbreathing
a: Renounce Religion


You were on level 10 of the Dungeon.
You worshipped Vehumet.
Vehumet was greatly pleased with you.
You were not hungry.

You visited 2 branches of the dungeon, and saw 11 of its levels.
You also visited: Sewer.

You collected 446 gold pieces.
You spent 224 gold pieces at shops.

Inventory:

Hand Weapons
 f - a +5 trident (weapon)
 l - a +4 trident
 r - the +3 falchion "Ubeigu" {distort, rN+ Str-3 Dex+4 Stlth+}
   (You took it off an orc on level 6 of the Dungeon)

   It warps and distorts space around it.
   Unwielding it can cause banishment or high damage.
   It affects your strength (-3).
   It affects your dexterity (+4).
   It protects you from negative energy.
   It makes you more stealthy.
 w - a +0 rapier of electrocution
Armour
 g - a +0 cloak (worn)
 n - the cursed +0 ring mail of the Trilobite {-Cast rC++, unknown}
   (You found it on level 5 of the Dungeon)

   It greatly protects you from cold.
   It prevents spellcasting.
   It has a curse placed upon it.
 o - the +2 robe of Emeajerph (worn) {Int+6}
   (You found it on level 5 of the Dungeon)

   It affects your intelligence (+6).
 s - a +0 buckler (worn)
 B - a +1 hat of intelligence (worn)
Jewellery
 v - a +2 ring of protection {unknown}
 z - an uncursed ring of protection from cold {unknown}
 C - an uncursed amulet of regeneration {unknown}
Wands
 h - a wand of lightning (0/15)
 m - a wand of paralysis (8/24)
 t - a wand of digging (8/24)
 u - a wand of lightning (2/15)
Scrolls
 a - 6 scrolls of identify
 b - 2 scrolls of enchant weapon {unknown}
 c - 4 scrolls of teleportation
 d - a scroll of immolation
 e - 5 scrolls of remove curse
 i - 2 scrolls of fear {unknown}
 k - a scroll of magic mapping {unknown}
 q - a scroll of amnesia {unknown}
 x - a scroll of recharging {unknown}
 A - a scroll of brand weapon {unknown}
Potions
 j - 2 potions of might
Books
 p - a book of Cantrips

   Spells                             Type                      Level
   a - Confusing Touch                Hexes                        1
   b - Animate Skeleton               Necromancy                   1
   c - Summon Small Mammal            Summoning                    1
   d - Apportation                    Translocation                1
 y - a book of Callings

   Spells                             Type                      Level
   a - Summon Small Mammal            Summoning                    1
   b - Call Imp                       Summoning                    2
   c - Call Canine Familiar           Summoning                    3
   d - Summon Guardian Golem          Hexes/Summoning              3
   e - Summon Lightning Spire         Summoning/Air                4
   f - Summon Ice Beast               Ice/Summoning                4


   Skills:
 - Level 1.5 Dodging
 - Level 1.5 Stealth
 - Level 4.6 Shields
 + Level 12.1 Spellcasting
 + Level 8.5 Conjurations
 + Level 8.1 Fire Magic


You had 17 spell levels left.
You knew the following spells:

 Your Spells              Type           Power        Failure   Level  Hunger
a - Flame Tongue          Conj/Fire      #####        1%          1    N/A
b - Conjure Flame         Conj/Fire      ######..     1%          3    N/A
c - Sticky Flame          Conj/Fire      ######..     1%          4    N/A
d - Throw Flame           Conj/Fire      ######       1%          2    N/A
e - Fireball              Conj/Fire      ######....   1%          5    N/A
E - Apportation           Tloc           ###.......   3%          1    N/A
W - Animate Skeleton      Necr           N/A          3%          1    N/A

Dungeon Overview and Level Annotations

Branches:
Dungeon (10/15)            Temple (1/1) D:4            Lair (0/6) D:9
    Orc (0/2) D:9

Altars:
Ashenzari
Cheibriados
Dithmenos
Elyvilon
Fedhas
Gozag
Hepliaklqana
Kikubaaqudgha
Makhleb
Nemelex Xobeh
Okawaru
Qazlal
Ru
Sif Muna
Trog
Uskayaw
Vehumet
Xom
Yredelemnul
Zin
The Shining One

Shops:
D:5 =   D:6 }   D:9 [

Annotations:
D:8 exclusion: downstairs


Innate Abilities, Weirdness & Mutations

You do not eat or drink.
Your flesh is vulnerable to fire.
You are immune to poison.
Your flesh is cold resistant. (rC+)
You are immune to negative energy. (rN+++)
You are immune to unholy pain and torment.
You can survive without breathing.


Message History

Casting: Sticky Flame
Confirm with . or Enter, or press ? or * to list all spells.
Aiming: Sticky Flame
Press: ? - help, Shift-Dir - straight line, f - killer bee
Aim: a killer bee The sticky flame hits the killer bee.
The killer bee is severely wounded.
The killer bee is covered in liquid flames!
The killer bee burns!
The killer bee stings you!
* * * LOW HITPOINT WARNING * * *
The killer bee misses you.
The killer bee burns!
You kill the killer bee!
Vehumet accepts your kill.
You feel your power returning.
As you read the scroll of teleportation, it crumbles to dust.
You feel strangely unstable.
The gargoyle hurls a stone arrow at you.
The stone arrow hits you!
You die...

### ##.# ...# ## ...# ...
...# .... ...#
########### .......
...###.........###.......
................@........
.............O...........
........#########9.......
###.....#.......#...(....
#.....#.......#........
#)...O#.......#(######
#....)')(÷..(.#.#....#..#
#.....#[#######.#....#..#
...
#...............'....#..#
...


You could see a two-headed ogre and a gargoyle.

Vanquished Creatures
  2 two-headed ogres
  A death yak (D:9)
  The ghost of lupus83 the Destroyer, a novice GrEE of Sif Muna (D:8)
  Pikel (D:5)
  A cyclops (D:10)
  3 hippogriffs
  3 yaks (D:10)
  2 hungry ghosts
  The ghost of lupus83 the Digger, an amateur GrEE (Sewer)
  A water moccasin (D:10)
  2 ice beasts
  A slave (D:5)
  3 orc warriors
  3 sky beasts
  A necrophage (D:5)
  4 phantoms
  4 ogres
  3 centaurs
  4 big kobolds
  6 bullfrogs
  A wyvern skeleton (D:7)
  3 scorpions
  18 killer bees
  2 howler monkeys (D:8)
  2 quasits
  4 crimson imps
  3 jellies
  6 orc priests
  3 bullfrog skeletons
  5 hounds
  11 orc wizards
  A gnoll shaman (D:8)
  4 iguanas
  10 worker ants
  A killer bee zombie (D:8)
  A hound skeleton (D:6)
  A hound zombie (D:8)
  12 adders
  6 gnolls
  A howler monkey skeleton (D:4)
  2 river rats
  4 shadow imps
  4 oozes (Sewer)
  3 adder skeletons
  8 worms
  5 dart slugs
  3 leopard geckos
  45 orcs
  7 bats
  5 giant cockroaches
  6 goblins
  6 hobgoblins
  20 jackals
  5 quokkas
  9 ball pythons
  6 frilled lizards
  23 kobolds
  A quokka zombie (D:8)
  11 rats
  A spectral orc (D:6)
316 creatures vanquished.

Vanquished Creatures (others)
  5 dream sheep (D:4)
  An adder (D:5)
  A giant cockroach (D:5)
  A jackal skeleton (D:5)
8 creatures vanquished.

Grand Total: 324 creatures vanquished

Notes
Turn   | Place    | Note
-------+----------+-------------------------------------------
     0 | D:1      | Kriby the Mummy Fire Elementalist began the quest for the Orb.
     0 | D:1      | Reached XP level 1. HP: 13/13 MP: 4/4
    45 | D:1      | Reached skill level 1 in Conjurations
   169 | D:1      | Reached XP level 2. HP: 9/19 MP: 0/5
   382 | D:1      | Reached skill level 3 in Spellcasting
  1075 | D:1      | Reached XP level 3. HP: 16/24 MP: 2/7
  2162 | D:2      | Found a shimmering altar of Xom.
  2471 | D:2      | Reached XP level 4. HP: 25/30 MP: 4/9
  3371 | D:3      | Found a snail-covered altar of Cheibriados.
  3394 | D:3      | Reached skill level 4 in Spellcasting
  3410 | D:3      | Noticed a phantom
  3539 | D:2      | Learned a level 3 spell: Conjure Flame
  3544 | D:2      | Learned a level 4 spell: Sticky Flame
  3549 | D:2      | Learned a level 2 spell: Throw Flame
  3624 | D:3      | Reached XP level 5. HP: 30/35 MP: 5/11
  3963 | D:3      | Reached XP level 6. HP: 25/41 MP: 2/13
  3964 | D:3      | Found a glowing drain.
  3973 | Sewer    | Entered a sewer
  3998 | Sewer    | Noticed lupus83's ghost (amateur GrEE)
  4006 | Sewer    | Killed lupus83's ghost
  4006 | Sewer    | Reached skill level 5 in Spellcasting
  4741 | Sewer    | Reached XP level 7. HP: 37/46 MP: 12/15
  6214 | D:4      | Found a staircase to the Ecumenical Temple.
  6312 | Temple   | Entered the Ecumenical Temple
  6497 | Temple   | Became a worshipper of Vehumet
  6633 | D:4      | Reached skill level 6 in Spellcasting
  6740 | D:4      | Found a shimmering altar of Xom.
  6740 | D:4      | Noticed a dream sheep
  6740 | D:4      | Noticed a dream sheep
  6740 | D:4      | Noticed a dream sheep
  6740 | D:4      | Noticed a dream sheep
  6740 | D:4      | Noticed a dream sheep
  6745 | D:4      | Killed a dream sheep
  6745 | D:4      | Killed a dream sheep
  6745 | D:4      | Killed a dream sheep
  6745 | D:4      | Killed a dream sheep
  6748 | D:4      | Killed a dream sheep
  7237 | D:4      | Reached skill level 5 in Conjurations
  7447 | D:5      | Entered Level 5 of the Dungeon
  7537 | D:5      | Learned a level 5 spell: Fireball
  7540 | D:5      | Learned a level 1 spell: Animate Skeleton
  7542 | D:5      | Learned a level 1 spell: Apportation
  7610 | D:5      | Reached XP level 8. HP: 52/52 MP: 12/17
  7776 | D:5      | Got a thick robe
  7788 | D:5      | Identified the +2 robe of Emeajerph {Int+6} (You found it on level 5 of the Dungeon)
  7802 | D:5      | Found Cuer's Jewellery Shop.
  7896 | D:5      | Noticed Pikel
  7920 | D:5      | Killed Pikel
  7920 | D:5      | Reached skill level 7 in Spellcasting
  7920 | D:5      | Reached skill level 5 in Fire Magic
  8617 | D:5      | Got a fine ring mail
  8821 | D:6      | Reached skill level 8 in Spellcasting
  8931 | D:6      | Found a shadowy altar of Dithmenos.
  9073 | D:6      | Found a shattered altar of Ashenzari.
  9264 | D:6      | Got a scorched falchion {distort}
  9265 | D:6      | Identified the cursed +3 falchion "Ubeigu" {distort, rN+ Str-3 Dex+4 Stlth+} (You took it off an orc on level 6 of the Dungeon)
  9571 | D:6      | Found Weiraqam's Gadget Shoppe.
  9635 | D:6      | HP: 1/52 [centaur/uncursed dagger (11)]
  9895 | D:6      | Reached XP level 9. HP: 48/57 MP: 10/21
 10324 | D:6      | Reached * piety under Vehumet
 10324 | D:6      | Offered knowledge of Magic Dart by Vehumet.
 10331 | D:6      | Reached skill level 9 in Spellcasting
 10720 | D:6      | Found a basalt altar of Yredelemnul.
 11335 | D:7      | Reached skill level 1 in Shields
 12312 | D:7      | Reached skill level 10 in Spellcasting
 12473 | D:8      | Noticed a two-headed ogre
 12490 | D:8      | Killed a two-headed ogre
 12509 | D:8      | Reached ** piety under Vehumet
 12509 | D:8      | Offered knowledge of Sting by Vehumet.
 12509 | D:8      | Reached XP level 10. HP: 63/63 MP: 0/24
 12842 | D:8      | Noticed lupus83's ghost (novice GrEE)
 12866 | D:8      | Noticed a two-headed ogre
 12893 | D:7      | Killed a two-headed ogre
 13262 | D:8      | Killed lupus83's ghost
 13708 | D:8      | Reached skill level 11 in Spellcasting
 14216 | D:8      | Offered knowledge of Mephitic Cloud by Vehumet.
 14500 | D:8      | Reached *** piety under Vehumet
 15200 | D:9      | Found Tonuinni's Armour Boutique.
 15200 | D:9      | Noticed a death yak
 15203 | D:9      | Noticed a death yak
 15204 | D:9      | Noticed a death yak
 15206 | D:9      | Noticed a death yak
 15208 | D:9      | Killed a death yak
 15210 | D:9      | Noticed a death yak
 15210 | D:9      | Noticed a death yak
 15596 | D:9      | Offered knowledge of Throw Icicle by Vehumet.
 15934 | D:9      | Found a sparkling altar of Nemelex Xobeh.
 15937 | D:9      | Found a shadowy altar of Dithmenos.
 15940 | D:9      | Found a burning altar of Makhleb.
 15980 | D:8      | Reached XP level 11. HP: 10/68 MP: 8/26
 16408 | D:9      | Found a staircase to the Orcish Mines.
 16416 | D:9      | Found a staircase to the Lair.
 16469 | D:9      | Bought a +1 hat of intelligence for 224 gold pieces
 16478 | D:9      | Found a blossoming altar of Fedhas.
 17301 | D:10     | Entered Level 10 of the Dungeon
 17599 | D:10     | Reached skill level 12 in Spellcasting
 17702 | D:10     | Reached **** piety under Vehumet
 17981 | D:10     | Noticed a two-headed ogre
 18008 | D:10     | Killed from afar by a gargoyle

Vault maps used:
D:1:      dpeg_arrival_water_temple_mockup
D:2:      xom_butterflies, first_bread, grunt_ministairs_12
D:3:      cheibriados_altar_1, portal_sewer_entry_b
D:4:      kb_xom_exploding_sheep
D:5:      serial_shops, kennysheep_little_box, uniq_pikel
D:6:      ashenzari_conservatory_becter, yredelemnul_forgotten_temple_becter,
          serial_shops, nicolae_shop_waterfront, minmay_holes,
          grunt_dithmenos_shadows
D:9:      overflow_temple_1_default, grunt_temple_overflow_diamond,
          dpeg_lair_monsters, orc_0_dummy, serial_shops, shop
D:10:     david_nohive_1, uniq_grum, uniq_snorg
Temple:   nicolae_temple_figure_eight
Sewer:    sewer_co_tree

Skill      XL: |  1  2  3  4  5  6  7  8  9 10 11 |
---------------+----------------------------------+-----
Conjurations   | 1 2 3 4 5 6 7 8 |  8.5
Spellcasting   | 3 4 5 6 8 10 11 12 | 12.1
Fire Magic     | 3 4 5 6 7 8 |  8.1
Shields        | 2 4 |  4.6
Dodging        | |  1.5
Stealth        | |  1.5

Action                   |  1- 3 |  4- 6 |  7- 9 | 10-12 || total
-------------------------+-------+-------+-------+-------++-------
Melee: Dagger            |    42 |    27 |       |       ||    69
       Trident           |       |     4 |    24 |    47 ||    75
 Cast: Flame Tongue      |    83 |   123 |   246 |   253 ||   705
       Throw Flame       |       |     1 |    44 |       ||    45
       Sticky Flame      |       |       |    22 |    36 ||    58
       Conjure Flame     |       |       |     7 |    11 ||    18
       Fireball          |       |       |       |    17 ||    17
Evoke: Wand              |       |       |       |     6 ||     6
  Use: Scroll            |     2 |     4 |     4 |     3 ||    13
 Stab: Sleeping          |       |       |       |     1 ||     1
Armor: Robe              |     7 |    11 |    36 |    55 ||   109
Dodge: Dodged            |    52 |    51 |    76 |   126 ||   305
Block: Buckler           |       |       |       |    22 ||    22
